 Dungeon Crawl Stone Soup version 0.30-b1-2-g02819fbbbe (webtiles) character file.

Game seed: 12180322462633597486

712 raph the Grave Robber (level 7, 0/49 HPs)
             Began as a Mummy Necromancer on Dec 24, 2023.
             Slain by a phantom (6 damage)
             ... on level 5 of the Dungeon.
             The game lasted 00:07:19 (5080 turns).

raph the Grave Robber (Mummy Necromancer)           Turns: 5080, Time: 00:07:20

Health: 0/49       AC:  7    Str: 11    XL:     7   Next: 41%
Magic:  8/14       EV: 12    Int: 17    God:
Gold:   241        SH:  0    Dex: 12    Spells: 8/16 levels left

rFire   x . .        m - +0 glaive
rCold   + . .        (shield currently unavailable)
rNeg    + + +        c - +3 leather armour
rPois   ∞            (no helmet)
rElec   .            (no cloak)
rCorr   +            (no gloves)
SInv    .            f - +0 pair of boots
Will    .....        (no amulet)
Stlth   ++           h - ring of resist corrosion
HPRegen 0.28/turn    (no ring)
MPRegen 0.14/turn

%: faith
@: no status effects
A: cold resistance 1, negative energy resistance 3, torment resistance 2, heat
vulnerability 1, in touch with death 1, no potions, faith
a: no special abilities


You were on level 5 of the Dungeon.
You visited 1 branch of the dungeon, and saw 5 of its levels.

You collected 241 gold pieces.

Inventory:

Hand Weapons
 b - a +1 dagger
 e - a +0 war axe
 m - a +0 glaive (weapon)
Armour
 a - a +0 robe
 c - a +3 leather armour (worn)
 f - a +0 pair of boots (worn)
Magical Staves
 j - a staff of death
Jewellery
 h - a ring of resist corrosion (left hand)
Wands
 i - a wand of light (12)
Scrolls
 d - 4 scrolls of identify {unknown}
 g - 2 scrolls of immolation {unknown}
 k - a scroll of blinking
 l - 2 scrolls of fear
 n - a scroll of acquirement {unknown}
 o - 3 scrolls of enchant weapon


   Skills:
 + Level 1.7 Fighting
 + Level 3.2 Dodging
 + Level 3.5 Stealth
 + Level 5.0 Spellcasting
 * Level 6.4 Necromancy


You had 8 spell levels left.
You knew the following spells:

 Your Spells              Type           Power      Damage    Failure   Level
a - Necrotise             Necr           100%       1d9       1%          1
b - Vampiric Draining     Necr           39%        2d8       4%          3
c - Animate Dead          Necr           39%        N/A       13%         4

Your spell library contained the following spells:

 Spells                   Type           Power      Damage    Failure   Level
 Agony                    Necr           39%        N/A       36%         5
 Portal Projectile        Hex/Tloc       8%         N/A       50%         3
 Tukima's Dance           Hex            4%         N/A       50%         3
 Blade Hands              Tmut           Unusable   N/A       N/A         5

Dungeon Overview and Level Annotations

Branches:
Dungeon (5/15)
 Temple: D:4-7

Altars:
Ru
Wu Jian


Innate Abilities, Weirdness & Mutations

You are immune to poison.
Your flesh is cold resistant. (rC+)
You are immune to negative energy. (rN+++)
You are immune to unholy pain and torment.
You are vulnerable to heat. (rF-)
You are in touch with the powers of death.
You do not drink.
You have a special connection with the divine. (Faith)


Message History

Aiming: Vampiric Draining (dangerous; 4% risk of failure)
Press: ? - help, Shift-Dir - straight line, f - orc
Aim: an orc, wielding a +0 hand axe (lightly wounded)
You feel a surge of power!
You draw life force from the orc!
You kill the orc!
You feel life coursing into your body.
The white imp hits you but does no damage.
The phantom closely misses you. The white imp gestures at you.
The puff of frost hits you. You resist.
* * * LOW HITPOINT WARNING * * *
Things that are here:
a +0 mace; a +0 chain mail The phantom attacks as you move away!
The phantom hits you but does no damage.
The white imp closely misses you.
Your orc skeleton barely misses the white imp.
The white imp hits your orc skeleton.
The white imp freezes your orc skeleton.
Your orc skeleton resists.
Your orc skeleton closely misses the white imp.
The phantom attacks as you move away! The phantom hits you.
* * * LOW HITPOINT WARNING * * *
The phantom attacks as you move away!
The phantom hits you but does no damage.
Your orc skeleton hits the white imp but does no damage.
Things that are here:
a +0 flail; a +0 whip Something barely misses your orc skeleton.
There is an open door here.
You closely miss the phantom.
The phantom is severely damaged.
The phantom closely misses you.
Your orc skeleton closely misses the white imp.
You closely miss the phantom.
The phantom is severely damaged.
Your orc skeleton crumbles into dust!
The phantom hits you but does no damage.
The phantom hits you.
You die...

#...##.##(..##......#
#...##.##..!##......###+##
#......)..............#...
#....).......)......(.#...
#.....................#...
#....)................#...
#........5............'...
#########W####.##)...###..
#@# ####....# #..
#................#.#
#................###
................. ##.
......##.####...# #8.
#####..# .# #. .... # ##
.... ## #⌠


You could see a phantom and a white imp.

Vanquished Creatures
  A black bear (D:5)
  An ogre (D:5)
  A scorpion (D:3)
  2 jellies (D:5)
  5 orc priests
  2 hounds (D:5)
  An iguana (D:5)
  3 orc wizards
  4 adders
  A worm (D:2)
  A dart slug (D:3)
  11 orcs
  4 bats
  2 endoplasms
  4 giant cockroaches
  8 hobgoblins
  6 jackals
  2 quokkas
  3 ball pythons
  3 frilled lizards
  7 goblins
  A kobold (D:4)
  4 rats
77 creatures vanquished.

Vanquished Creatures (collateral kills)
  A kobold (D:4)
1 creature vanquished.

Grand Total: 78 creatures vanquished

Notes
Turn   | Place    | Note
-------+----------+-------------------------------------------
     0 | D:1      | raph the Mummy Necromancer began the quest for the Orb.
     0 | D:1      | Reached XP level 1. HP: 13/13 MP: 4/4
   506 | D:1      | Reached XP level 2. HP: 19/19 MP: 2/5
  1587 | D:2      | Gained mutation: You are in touch with the powers of death.
                  | [Mummy growth]
  1587 | D:2      | Reached XP level 3. HP: 24/24 MP: 5/7
  1928 | D:2      | Learned a level 3 spell: Vampiric Draining
  2624 | D:3      | Found a faded altar of an unknown god.
  2913 | D:3      | Noticed a scorpion
  2920 | D:3      | Killed a scorpion
  2921 | D:3      | Reached XP level 4. HP: 30/30 MP: 0/9
  3153 | D:4      | Reached skill level 5 in Necromancy
  3164 | D:4      | Reached XP level 5. HP: 35/35 MP: 5/10
  3799 | D:4      | Reached XP level 6. HP: 27/41 MP: 4/12
  4097 | D:4      | Learned a level 4 spell: Animate Dead
  4504 | D:5      | Entered Level 5 of the Dungeon
  4709 | D:5      | Reached skill level 1 in Fighting
  4709 | D:5      | Reached skill level 6 in Necromancy
  4709 | D:5      | Reached XP level 7. HP: 48/48 MP: 8/14
  4940 | D:5      | Found an ornate altar of the Wu Jian Council.
  4943 | D:5      | Found a sacrificial altar of Ru.
  5002 | D:5      | Reached skill level 5 in Spellcasting
  5080 | D:5      | Slain by a phantom

Illustrated notes

Levels and vault maps discovered:
D:1:      heliophobic_arrival_henge, layout_loops_corners,
          chequers_serial_rivers_large_b, kennysheep_boxes
D:2:      layout_basic
D:3:      layout_rooms, nicolae_tso_swordbearing_angel,
          shapermc_ecumenical_altar_hornbeckon, serial_curves, eino_curves_03,
          eino_curves_01, eino_curves_01, eino_curves_04, minmay_misc_feat_rows
D:4:      layout_cave_pools, kennysheep_orc_chapel
D:5:      layout_gridville, amethyst_overflow_temple_binary,
          minmay_temple_entry_nine_rooms, corexii_checkpoint_a

Skill      XL: |  1  2  3  4  5  6  7 |
---------------+----------------------+-----
Spellcasting   | 3 4 5 |  5.0
Stealth        | 2 3 |  3.5
Dodging        | 2 3 |  3.2
Necromancy     | 5 6 |  6.4
Fighting       | 1 |  1.7

Action                     |  1- 3 |  4- 6 |  7- 9 || total
---------------------------+-------+-------+-------++-------
  Melee: Dagger            |     3 |       |       ||     3
         War axe           |     4 |       |       ||     4
         Glaive            |       |    12 |    18 ||    30
   Cast: Necrotise         |    71 |    56 |    18 ||   145
         Vampiric Draining |     1 |     7 |     4 ||    12
    Use: Scroll            |     5 |     1 |       ||     6
 Armour: Robe              |     5 |       |       ||     5
         Leather armour    |     4 |    18 |    17 ||    39
  Dodge: Dodged            |    26 |    27 |    31 ||    84
